 Dungeon Crawl Stone Soup version 0.20-a0-926-g560771d (webtiles) character file.

121 Rrauwl the Skirmisher (level 5, 44/44 HPs)
             Began as a Barachi Abyssal Knight on Mar 28, 2017.
             Was a Follower of Lugonu.
             Got out of the dungeon alive.
             The game lasted 00:03:02 (350 turns).

Rrauwl the Skirmisher (Barachi Abyssal Knight)       Turns: 350, Time: 00:03:02

Health: 44/44      AC:  2    Str: 13    XL:     5   Next: 5%
Magic:  6/6        EV: 11    Int: 12    God:    Lugonu [*.....]
Gold:   32         SH:  0    Dex: 13    Spells: 3/4 levels left

rFire    . . .     SeeInvis .   a - +1 falchion
rCold    . . .     Gourm    .   (no shield)
rNeg     . . .     Faith    .   b - +1 leather armour
rPois    .         Spirit   .   (no helmet)
rElec    .         Reflect  .   (no cloak)
rCorr    .         Harm     .   (no gloves)
MR       .....     Rnd*Tele +   (no boots)
Stlth    +.........             (no amulet)
Regen    0.2/turn               (no ring)
MPRegen  0.1/turn               (no ring)

@: slow
A: +LOS, swims, deformed body, slowness 1, teleportitis 1, strong legs 1
a: Hop, Depart the Abyss, Renounce Religion


You escaped.
You worshipped Lugonu.
Lugonu was aware of your devotion.
You were not hungry.

You visited 1 branch of the dungeon, and saw 1 of its levels.
You visited the Abyss 1 time.

You collected 32 gold pieces.

Inventory:

Hand Weapons
 a - a +1 falchion (weapon)
Armour
 b - a +1 leather armour (worn)
Books
 f - a book of Transfigurations

   Spells                             Type                      Level
   a - Irradiate                      Conjuration/Transmutation    5
   b - Statue Form                    Transmutation/Earth          6
   c - Hydra Form                     Transmutation                6
   d - Dragon Form                    Transmutation                7
 h - a book of Party Tricks

   Spells                             Type                      Level
   a - Summon Butterflies             Summoning                    1
   b - Apportation                    Translocation                1
   c - Lesser Beckoning               Translocation                3
   d - Tukima's Dance                 Hexes                        3
   e - Alistair's Intoxication        Transmutation/Poison         5
   f - Invisibility                   Hexes                        6
Comestibles
 c - a bread ration


   Skills:
 + Level 5.2 Fighting
 + Level 3.7 Long Blades
 + Level 3.2 Armour
 + Level 1.2 Dodging
 - Level 2.1 Invocations


You had 3 spell levels left.
You knew the following spells:

 Your Spells              Type           Power        Failure   Level  Hunger
a - Summon Butterflies    Summ           #.......     41%         1    ##.....


Dungeon Overview and Level Annotations

Branches:
Dungeon (1/15)

Altars:


Innate Abilities, Weirdness & Mutations

Shadows flee at your approach. (+LOS)
You can swim through water.
You cover ground slowly.
You can hop short distances.
Armour fits poorly on your strangely shaped body.
You are occasionally teleported next to monsters.


Message History

You start resting.
You feel yourself slow down.
You start resting.
You feel less wooden.
Your +1 leather armour unmelds from your body.
You start resting.
A tentacled starspawn comes into view.
You pass through the gate.
There is a staircase leading out of the dungeon here.
Found 21 sling bullets.
You start resting.
Your magical contamination has completely faded away.
You start resting.
HP restored.
There is a staircase leading out of the dungeon here.
Memorise Summon Butterflies, consuming 1 spell level and leaving 3?
You start memorising the spell.
You continue memorising.
You finish memorising.
Spell assigned to 'a'.
Are you sure you want to leave the Dungeon?
This will make you lose the game!
You have escaped!

#.# .## ##.## ##.
...####...####...
.....#..≈..#.....
8..≈....≈....≈..8
#...≈..≈≈≈..≈...#
.....≈≈≈≈≈≈≈.....
...≈≈≈≈...≈≈≈≈...
.≈≈≈≈≈..@..≈≈≈≈≈.
...≈≈≈≈...≈≈≈≈...
.....≈≈≈≈≈≈≈.....
#...≈..≈≈≈..≈...#
8..≈....≈....≈..8
.....#..≈..#.....
...####...####...
.## ##.## ##. ...


There were no monsters in sight!

Vanquished Creatures
  A neqoxec (Abyss:2)
1 creature vanquished.

Vanquished Creatures (others)
  A lurking horror (Abyss:2)
1 creature vanquished.

Grand Total: 2 creatures vanquished

Notes
Turn   | Place    | Note
-------+----------+-------------------------------------------
     0 | Abyss:1  | Rrauwl the Barachi Abyssal Knight began the quest for the Orb.
     0 | Abyss:1  | Reached XP level 1. HP: 18/18 MP: 2/2
    86 | Abyss:2  | Noticed a neqoxec
    86 | Abyss:2  | Gained mutation: You are occasionally teleported next to monsters. [a neqoxec]
   102 | Abyss:2  | Noticed an iron imp
   128 | Abyss:2  | Gained mutation: Armour fits poorly on your strangely shaped body. [a neqoxec]
   133 | Abyss:2  | Killed a neqoxec
   133 | Abyss:2  | Reached skill level 5 in Fighting
   133 | Abyss:2  | Reached XP level 2. HP: 13/27 MP: 3/3
   133 | Abyss:2  | Reached XP level 3. HP: 17/33 MP: 4/4
   133 | Abyss:2  | Reached XP level 4. HP: 20/39 MP: 5/5
   133 | Abyss:2  | Reached XP level 5. HP: 22/44 MP: 6/6
   194 | Abyss:2  | Noticed a tentacled starspawn
   195 | D:1      | Escaped the Abyss
   349 | D:1      | Learned a level 1 spell: Summon Butterflies
   350 | D:$      | Got out of the dungeon alive.

Vault maps used:
D:1:      eino_arrival_water_star, lemuel_another_geyser
Abyss:2:  eino_small_chamber_without_monster

Skill      XL: |  1 |
---------------+----+-----
Fighting       | 5 |  5.2
Long Blades    | 3 |  3.7
Armour         | 3 |  3.2
Invocations    | 2 |  2.1
Dodging        | |  1.2

Action                   |  1- 3 |  4- 6 || total
-------------------------+-------+-------++-------
Melee: Falchion          |    30 |       ||    30
 Abil: Hop               |     1 |       ||     1
  Use: Scroll            |     2 |       ||     2
       Potion            |     2 |       ||     2
Armor: Skin              |    19 |       ||    19
